 Dungeon Crawl Stone Soup version 0.30.0-13-g156ef70053 (webtiles) character file.

Game seed: 15580485070727840297

794 Daunt the Cleaver (level 7, -3/58 HPs)
             Began as a Minotaur Gladiator on May 17, 2023.
             Slain by a hornet (11 damage)
             ... on level 5 of the Dungeon.
             The game lasted 00:08:35 (3832 turns).

Daunt the Cleaver (Minotaur Gladiator)              Turns: 3832, Time: 00:08:37

Health: -3/58      AC: 15    Str: 21    XL:     7   Next: 58%
Magic:  6/6        EV:  4    Int:  3    God:
Gold:   390        SH:  0    Dex: 11    Spells: 6/6 levels left

rFire   + + .        a - +0 war axe
rCold   + . .        (no shield)
rNeg    . . .        k - +0 gold dragon scales
rPois   +            c - +0 hat
rElec   .            (no cloak)
rCorr   .            (no gloves)
SInv    .            f - +0 pair of boots {rampage}
Will    .....        (no amulet) Stlth
                     (no ring)
HPRegen 0.29/turn    (no ring)
MPRegen 0.10/turn

%: rampage
@: mighty, lethally poisoned (-3 -> -6), slowed, very slow
A: horns 2, retaliatory headbutt, dopey 1, fire resistance 1
a: no special abilities


You were on level 5 of the Dungeon.
You visited 1 branch of the dungeon, and saw 5 of its levels.

You collected 390 gold pieces.

Inventory:

Hand Weapons
 a - a +0 war axe (weapon)
Missiles
 d - 4 throwing nets (quivered)
 e - 5 javelins
 j - 2 datura-tipped darts
 n - 39 stones
 s - 9 poisoned darts
Armour
 b - a +0 leather armour
 c - a +0 hat (worn)
 f - a +0 pair of boots of rampaging (worn)
 h - a +0 ring mail
 k - +0 gold dragon scales (worn)
Jewellery
 i - a ring of fire
Scrolls
 l - a scroll of fear {unknown}
 m - a scroll of noise {unknown}
 o - 2 scrolls of amnesia {unknown}
 q - 2 scrolls of magic mapping {unknown}
 r - a scroll of butterflies {unknown}
 u - 2 scrolls of immolation {unknown}
 w - a scroll of blinking {unknown}
 y - a scroll of teleportation {unknown}
Potions
 g - a potion of mutation
 p - a potion of might
 t - 2 potions of flight
 v - a potion of cancellation
 x - a potion of attraction
 z - a potion of berserk rage


   Skills:
 - Level 3.7 Fighting
 + Level 8.7 Axes
 - Level 2.3 Throwing
 - Level 5.0 Armour
 - Level 3.6 Dodging


You had 6 spell levels left.
You didn't know any spells.
Your spell library contained the following spells:

 Spells                   Type           Power      Damage    Failure   Level
 Blink                    Tloc           0%         N/A       100%        2
 Ensorcelled Hibernation  Hex/Ice        0%         N/A       100%        2
 Lesser Beckoning         Tloc           0%         N/A       100%        2
 Momentum Strike          Conj/Tloc      0%         3d8       100%        2
 Passwall                 Tmut/Erth      0%         N/A       100%        2
 Inner Flame              Hex/Fire       0%         N/A       100%        3
 Swiftness                Air            0%         N/A       100%        3
 Yara's Violent Unravell  Hex/Tmut       0%         3d3       100%        5
 Enfeeble                 Hex            0%         N/A       100%        7


Dungeon Overview and Level Annotations

Branches:
Dungeon (5/15)
 Temple: D:4-7

Altars:
Makhleb
Okawaru
Sif Muna
Wu Jian
Xom


Innate Abilities, Weirdness & Mutations

You have a pair of horns on your head.
You reflexively headbutt those who attack you in melee.
You are dopey. (Int -2)
Your flesh is heat resistant. (rF+)


Message History

The hornet attacks as you move away! The hornet stings you.
You are poisoned.
You feel very sick.
You slash the hornet!
The hornet is moderately wounded.
You feel very sick.
The hornet stings you but does no damage.
The hornet stings you.
You suddenly lose the ability to move!
You feel sick. The hornet stings you!
You feel sick. The hornet stings you!
The hornet stings you but does no damage.
You can move again.
You are too injured to fight recklessly!
Unknown command.
Unknown command.
You are too injured to fight recklessly!
Unknown command.
Unknown command.
Okay, then.
Unknown command.
Unknown command.
You closely miss the hornet.
The hornet is moderately wounded.
You feel sick. The hornet stings you!
* * * LOW HITPOINT WARNING * * *
The hornet stings you.
* * * LOW HITPOINT WARNING * * *
You feel yourself slow down.
Unknown command.
Unknown command.
Unknown command.
Unknown command.
You aren't carrying any items that you can evoke.
Throw: 3 darts (datura)
Press: ? - help, Shift-Dir - straight line, f - hound
Aim: a hound (46% to hit, chance to frenzy on hit: 80%)
You throw a datura-tipped dart. The datura-tipped dart hits the hornet!
The hornet resists.
The hornet is moderately wounded.
You feel sick. The hornet stings you!
You die...

..#####)#.....# .
.#####.)..#.#.#.#
..........# ....
##..###.### #.###
##.#.....#8...8#
#.#.....#.....#
#......[...8...
#.....#.....#.....#
####..#...@.#8...8#
#..###y### #.###
#.....h..# ...
#.##.....# .#
##.##..h . #. .#...
## .#)..o. .# #.##
.. ...


You could see a hornet and a hound.

Vanquished Creatures
  2 centaurs (D:4)
  An ogre (D:4)
  3 scorpions (D:4)
  A hound (D:3)
  A gnoll bouda (D:4)
  An iguana (D:4)
  A sleepcap (D:4)
  5 gnolls (D:5)
  10 adders
  2 worms (D:2)
  A dart slug (D:3)
  3 orcs (D:3)
  7 ball pythons
  5 endoplasms
  6 giant cockroaches
  9 goblins
  7 hobgoblins
  8 jackals
  10 kobolds
  4 quokkas
  7 bats
  A frilled lizard (D:3)
  4 rats
99 creatures vanquished.

Vanquished Creatures (collateral kills)
  An orc wizard (D:3)
  2 orcs (D:3)
3 creatures vanquished.

Vanquished Creatures (others)
  An adder (D:3)
1 creature vanquished.

Grand Total: 103 creatures vanquished

Notes
Turn   | Place    | Note
-------+----------+-------------------------------------------
     0 | D:1      | Daunt the Minotaur Gladiator began the quest for the Orb.
     0 | D:1      | Reached XP level 1. HP: 18/18 MP: 0/0
   148 | D:1      | Reached XP level 2. HP: 19/25 MP: 1/1
   387 | D:1      | Reached skill level 4 in Axes
   869 | D:1      | Reached XP level 3. HP: 31/31 MP: 2/2
   942 | D:1      | Found a faded altar of an unknown god.
  1513 | D:2      | Reached XP level 4. HP: 38/38 MP: 3/3
  1706 | D:3      | Reached skill level 5 in Axes
  1991 | D:3      | Found a shimmering blue altar of Sif Muna.
  2029 | D:3      | Gained mutation: You are dopey. (Int -2) [potion of
                  | mutation]
  2029 | D:3      | Gained mutation: Your flesh is heat resistant. (rF+)
                  | [potion of mutation]
  2037 | D:3      | Reached skill level 6 in Axes
  2037 | D:3      | Reached XP level 5. HP: 5/46 MP: 4/4
  2706 | D:3      | Found a shimmering altar of Xom.
  2849 | D:3      | Found an ornate altar of the Wu Jian Council.
  2936 | D:4      | Noticed an ogre
  3016 | D:4      | Noticed a centaur
  3028 | D:3      | Reached skill level 1 in Armour
  3120 | D:4      | Killed a centaur
  3121 | D:4      | Reached XP level 6. HP: 51/52 MP: 5/5
  3177 | D:4      | Reached skill level 7 in Axes
  3287 | D:4      | Found an iron altar of Okawaru.
  3338 | D:4      | Reached skill level 5 in Armour
  3338 | D:4      | Reached XP level 7. HP: 58/58 MP: 6/6
  3475 | D:4      | Reached skill level 8 in Axes
  3557 | D:4      | Found a burning altar of Makhleb.
  3557 | D:4      | Noticed a balrug
  3560 | D:4      | Noticed a neqoxec
  3560 | D:4      | Noticed an orange demon
  3651 | D:5      | Entered Level 5 of the Dungeon
  3824 | D:5      | Noticed a hornet
  3828 | D:5      | Paralysed by a hornet for 3 turns
  3832 | D:5      | Slain by a hornet

Illustrated notes

Levels and vault maps discovered:
D:1:      shiori_arrival_oz, layout_basic, dreamdust_ecumenical_altar_grove,
          lemuel_flame_loot_1
D:2:      layout_loops_cross
D:3:      layout_basic, tgw_xom, mainiacjoe_overflow_cross_hatched,
          mainiacjoe_overflow_alcove_2, minivault_5, nicolae_half_adder
D:4:      layout_cave_pools, amcnicky_altar_gilded, makhleb_altar_promises_db
D:5:      layout_loops_ring, nicolae_overflow_crystal_walls,
          yredelemnul_forgotten_temple_becter, temple_green,
          minmay_chambers_of_fives

Skill      XL: |  1  2  3  4  5  6  7 |
---------------+----------------------+-----
Axes           | 4 6 7 8 |  8.7
Fighting       | 3 |  3.7
Armour         | 2 5 |  5.0
Throwing       | |  2.3
Dodging        | |  3.6

Action                     |  1- 3 |  4- 6 |  7- 9 || total
---------------------------+-------+-------+-------++-------
  Melee: War axe           |    68 |    97 |    38 ||   203
         Headbutt          |     7 |    20 |     7 ||    34
         Punch             |       |       |     3 ||     3
  Throw: Dart              |       |     1 |     1 ||     2
    Use: Potion            |       |     2 |     1 ||     3
         Scroll            |       |       |     3 ||     3
 Armour: Ring mail         |    19 |    38 |       ||    57
         Gold dragon scale |       |    33 |    33 ||    66
  Dodge: Dodged            |    40 |    57 |     7 ||   104
